 Dungeon Crawl Stone Soup version 0.29.1-2-gbd0b4ee654 (webtiles) character file.

Game seed: 13955640202292856991

695 DildoBatman the Conjurer (level 7, -3/48 (50) HPs)
             Began as a Formicid Conjurer on Nov 21, 2022.
             Slain by a gnoll
             ... wielding a +0 whip
             ... led by a gnoll bouda
              (7 damage)
             ... on level 5 of the Dungeon.
             The game lasted 00:10:22 (3302 turns).

DildoBatman the Conjurer (Formicid Conjurer)        Turns: 3302, Time: 00:10:23

HP:   -3/48 (50)    AC:  2    Str: 12    XL:     7   Next: 96%
MP:   12/12         EV: 12    Int: 19    God:
Gold: 271           SH:  0    Dex: 18    Spells: 7/13 levels left

rFire   . . .      SeeInvis +   c - +0 trident
rCold   . . .      Faith    .   (no shield)
rNeg    + . .      Spirit   .   a - +0 robe
rPois   .          Reflect  .   (helmet unavailable)
rElec   .          Harm     .   (no cloak)
rCorr   .          Rampage  .   (no gloves)
Will    .....                   (no boots)
Stlth   ++........              m - amulet of magic regeneration
HPRegen 0.16/turn               h - +6 ring of dexterity
MPRegen 0.53/turn               o - ring of positive energy

@: lightly drained
A: permanent stasis, dig shafts and tunnels, antennae 3, four strong arms
a: Dig, Shaft Self


You were on level 5 of the Dungeon.
You visited 1 branch of the dungeon, and saw 5 of its levels.
You also visited: Sewer.

You collected 271 gold pieces.

Inventory:

Hand Weapons
 c - a +0 trident (weapon)
Missiles
 j - 12 stones
 t - 5 boomerangs
Armour
 a - a +0 robe (worn)
Jewellery
 h - a +6 ring of dexterity (left hand)
 m - an amulet of magic regeneration (around neck)
 o - a ring of positive energy (right hand)
 s - a ring of resist corrosion
Wands
 n - a wand of flame (28)
Scrolls
 f - 2 scrolls of torment {unknown}
 g - 3 scrolls of blinking {unknown}
 l - a scroll of silence {unknown}
 p - a scroll of immolation {unknown}
 r - a scroll of acquirement {unknown}
 v - 4 scrolls of enchant weapon
 w - a scroll of fog {unknown}
 x - a scroll of noise {unknown}
 y - a scroll of summoning {unknown}
 z - a scroll of magic mapping {unknown}
Potions
 b - a potion of magic
 d - a potion of curing {unknown}
 e - 3 potions of might {unknown}
 i - a potion of brilliance {unknown}
 k - 2 potions of attraction {unknown}
 q - 2 potions of haste
 u - a potion of heal wounds {unknown}
 A - 4 potions of flight
 B - 2 potions of resistance {unknown}


   Skills:
 * Level 2.2 Fighting
 * Level 2.2 Armour
 - Level 2.0 Dodging
 - Level 2.4 Stealth
 * Level 3.6 Spellcasting
 - Level 6.0 Conjurations
 * Level 2.2 Air Magic
 * Level 3.7 Poison Magic


You had 7 spell levels left.
You knew the following spells:

 Your Spells              Type           Power      Damage    Failure   Level
a - Searing Ray           Conj           52%        2d6       1%          2
c - Magic Dart            Conj           100%       1d8       1%          1
e - Mephitic Cloud        Conj/Pois/Air  18%        N/A       9%          3

Your spell library contained the following spells:

 Spells                   Type           Power      Damage    Failure   Level
 Shock                    Conj/Air       76%        1d7       2%          1
 Dazzling Flash           Conj/Hex       28%        N/A       13%         3
 Apportation              Tloc           6%         N/A       14%         1
 Call Imp                 Summ           3%         N/A       22%         2
 Fulminant Prism          Conj/Hex       7%         3d7       38%         4
 Iskenderun's Mystic Bla  Conj/Tloc      14%        2d5       38%         4
 Airstrike                Air            5%         2d(1-17)  50%         4
 Alistair's Intoxication  Tmut/Pois      6%         N/A       88%         5
 Swiftness                Air            Unusable   N/A       N/A         3

Dungeon Overview and Level Annotations

Branches:
Dungeon (5/15)              Sewer (visited)
 Temple: D:4-7

Altars:

Annotations:
D:3 1 runed translucent door, Rosiu1125's ghost, weakling SpEE
D:4 exclusions: bullfrog and orc


Innate Abilities, Weirdness & Mutations

You cannot be hasted, slowed, berserked, paralysed or teleported.
You can dig through walls and to a lower floor.
You have a pair of large antennae on your head. (SInv)
Your four strong arms can wield two-handed weapons with a shield.


Message History

You feel your attacks grow feeble.
The searing ray hits the gnoll.
You kill the gnoll!
The gnoll bouda barely misses you. The gnoll attacks as you move away!
The gnoll barely misses you.
The gnoll bouda gazes fiercely through you!
You feel as though you will be weak longer.
The gnoll attacks as you move away! The gnoll barely misses you.
The gnoll bouda barks out a call to the hunt!
The gnolls pick up the pace!
You see here a +0 giant club.
Your attacks no longer feel as feeble.
The gnoll hits you with a +0 whip!
The gnoll bouda gazes fiercely through you!
You feel your attacks grow feeble.
An iguana comes into view.
The gnoll attacks as you move away! The gnoll hits you with a +0 whip.
The iguana hisses angrily.
The gnoll bouda calls upon its god to heal the gnoll.
The gnoll is healed somewhat.
There is an open door here.
The gnoll attacks as you move away! The gnoll hits you with a +0 whip!
The gnoll hits you with a +0 whip. The iguana bites you!
You extend your mandibles.
You dig through the rock wall.
You feel drained. The iguana bites you!
You retract your mandibles.
The gnoll attacks as you move away! The gnoll hits you with a +0 whip!
It was a potion of haste.
Your stasis prevents you from being hasted.
Your attacks no longer feel as feeble.
The gnoll hits you with a +0 whip!
You die...

#............
.#####.<......#
..#.....###... #
#.#.###.# #.# ..# ..
#.###.##..# ##.##
#.........# ####...#
#........# #......#
###.....##
##..@####.......##
.#...#g##.g.......####
#.....{.ggg..).....'...
#.#..<.###g.......)####
#...... ##.......##
######. ##.....## #.
##...## #. ##†## #. #.#


You could see a gnoll bouda and 3 gnolls.

Vanquished Creatures
  An ogre (D:5)
  A necrophage (D:4)
  A bullfrog (D:5)
  2 scorpions (D:4)
  2 hounds (D:4)
  An iguana (D:4)
  An orc wizard (D:3)
  A gnoll (D:5)
  3 river rats
  11 adders
  2 ufetubi
  3 worms
  2 dart slugs
  9 orcs (D:3)
  9 bats
  7 endoplasms
  9 giant cockroaches
  3 goblins
  6 hobgoblins
  7 jackals
  4 kobolds
  6 quokkas
  18 ball pythons
  A frilled lizard (D:1)
  6 rats
116 creatures vanquished.

Notes
Turn   | Place    | Note
-------+----------+-------------------------------------------
     0 | D:1      | DildoBatman the Formicid Conjurer began the quest for the
                  | Orb.
     0 | D:1      | Reached XP level 1. HP: 13/13 MP: 3/3
   114 | D:1      | Reached skill level 4 in Conjurations
   114 | D:1      | Reached XP level 2. HP: 19/19 MP: 5/5
   117 | D:1      | Learned a level 2 spell: Searing Ray
   219 | D:1      | Reached XP level 3. HP: 18/24 MP: 2/6
   495 | D:2      | Found a faded altar of an unknown god.
   709 | D:2      | Reached XP level 4. HP: 30/30 MP: 5/7
   891 | D:2      | Reached skill level 5 in Conjurations
  1274 | D:3      | Reached XP level 5. HP: 30/35 MP: 3/8
  1341 | D:3      | Learned a level 3 spell: Mephitic Cloud
  1474 | D:3      | Found a runed translucent door.
  1476 | D:3      | Noticed Rosiu1125's ghost (weakling SpEE)
  1746 | D:4      | Reached skill level 1 in Poison Magic
  1746 | D:4      | Reached XP level 6. HP: 7/41 MP: 1/9
  1807 | D:4      | Found a glowing drain.
  1839 | D:4      | Reached skill level 1 in Air Magic
  1909 | Sewer    | Entered a sewer
  2012 | Sewer    | Reached skill level 6 in Conjurations
  2555 | D:4      | Reached skill level 1 in Armour
  2555 | D:4      | Reached XP level 7. HP: 47/47 MP: 7/11
  2611 | D:4      | Reached skill level 1 in Fighting
  3256 | D:5      | Entered Level 5 of the Dungeon
  3302 | D:5      | Slain by a gnoll

Illustrated notes

Levels and vault maps discovered:
D:1:      dpeg_arrival_connections, layout_basic
D:2:      minmay_door_path, layout_loops_ring,
          dreamdust_ecumenical_altar_statues
D:3:      layout_rooms, hellmonk_ghost_happy_afterlife
D:4:      layout_loops_ring, portal_sewer_entry_c
D:5:      layout_loops_corners

Skill      XL: |  1  2  3  4  5  6  7 |
---------------+----------------------+-----
Conjurations   | 4 5 6 |  6.0
Poison Magic   | 1 2 3 |  3.7
Air Magic      | 1 2 |  2.2
Spellcasting   | 3 |  3.6
Armour         | 1 2 |  2.2
Dodging        | 2 |  2.0
Fighting       | 2 |  2.2
Stealth        | |  2.4

Action                   |  1- 3 |  4- 6 |  7- 9 || total
-------------------------+-------+-------+-------++-------
Melee: Trident           |    36 |     2 |       ||    38
 Cast: Magic Dart        |    39 |   128 |    10 ||   177
       Searing Ray       |     1 |    20 |     9 ||    30
       Mephitic Cloud    |       |     3 |     1 ||     4
 Abil: Dig               |       |     1 |     1 ||     2
Evoke: Wand              |       |     1 |       ||     1
  Use: Scroll            |       |     3 |       ||     3
       Potion            |       |     2 |     1 ||     3
 Stab: Sleeping          |     2 |       |       ||     2
Armor: Robe              |     6 |     7 |     1 ||    14
Dodge: Dodged            |    31 |    28 |     7 ||    66
